 Dungeon Sprint DCSS version 0.30-a0-52-g86a8295270 (webtiles) character file.

Game seed: 12931200700212109104

2765 mhtbhm the Earth Mage (level 9, -1/49 HPs)
             Began as a Gargoyle Earth Elementalist on Sept 7, 2022.
             Was an Elder of Vehumet.
             Slain by a redback (14 damage)
             ... in the Dungeon (Sprint III: "The Ten Rune Challenge").
             The game lasted 00:04:07 (1366 turns).

mhtbhm the Earth Mage (Gargoyle Earth Elementalist) Turns: 1366, Time: 00:04:08

Health: -1/49      AC:  8    Str: 13    XL:     9   Next: 69%
Magic:  17/26      EV: 13    Int: 19    God:    Vehumet [****..]
Gold:   26         SH:  0    Dex: 10    Spells: 21/34 levels left

rFire   . . .      SeeInvis .      - Unarmed
rCold   + . .      Faith    .    (no shield)
rNeg    + . .      Spirit   .    a - +0 robe
rPois   ∞          Reflect  .    (helmet restricted)
rElec   +          Harm     .    (no cloak)
rCorr   .          Rampage  .    (no gloves)
Will    .....      NoTele   +    (no boots)
Stlth   +++.......               (no amulet)
HPRegen 0.16/turn                (no ring)
MPRegen 0.20/turn                (no ring)

@: no status effects
A: sickness immunity, AC +6, negative energy resistance 1, electricity
resistance, torment resistance 1, petrification resistance, horns 1, cold
resistance 1, deterioration 1
a: Renounce Religion


You were in the Dungeon.
You worshipped Vehumet.
Vehumet was greatly pleased with you.
You visited 1 branch You collected 26 gold pieces.

Inventory:

Armour
 a - a +0 robe (worn)
Scrolls
 g - a scroll of blinking
 h - a scroll of butterflies {unknown}
 i - a scroll of immolation {unknown}
 j - 4 scrolls of identify
 m - a scroll of poison {unknown}
Potions
 b - 2 potions of magic
 c - 2 potions of curing
 k - a potion of resistance {unknown}
 l - 3 potions of flight
 n - a potion of lignification {unknown}


   Skills:
 + Level 2.7 Fighting
 + Level 5.2 Dodging
 + Level 4.7 Stealth
 + Level 3.2 Unarmed Combat
 + Level 13.4 Spellcasting
 + Level 2.2 Conjurations
 + Level 0.8 Hexes
 + Level 0.9 Transmutations
 + Level 16.8 Earth Magic


You had 21 spell levels left.
You knew the following spells:

 Your Spells              Type           Power      Damage    Failure   Level
a - Sandblast             Erth           100%       2d20      0%          1
b - Passwall              Tmut/Erth      38%        N/A       1%          2
c - Stone Arrow           Conj/Erth      98%        3d13      1%          3
d - Petrify               Tmut/Erth      46%        N/A       1%          4
e - Dazzling Flash        Conj/Hex       36%        N/A       2%          3

Your spell library contained the following spells:

 Spells                   Type           Power      Damage    Failure   Level
 Conjure Flame            Conj/Fire      17%        6-21      2%          3
 Necrotise                Necr           48%        1d6       5%          1
 Hailstorm                Conj/Ice       17%        3d6       9%          4
 Vampiric Draining        Necr           12%        2d6       16%         3
 Ice Form                 Ice/Tmut       14%        N/A       41%         4
 Agony                    Necr           12%        N/A       82%         5
 Simulacrum               Ice/Necr       6%         N/A       100%        6


Dungeon Overview and Level Annotations

Branches:
Dungeon (1/1)

Altars:
Cheibriados
Dithmenos
Elyvilon
Fedhas
Gozag
Hepliaklqana
Kikubaaqudgha
Makhleb
Nemelex Xobeh
Okawaru
Qazlal
Ru
Sif Muna
Trog
Uskayaw
Vehumet
Wu Jian
Xom
Yredelemnul
Zin
The Shining One
Jiyva
Lugonu


Innate Abilities, Weirdness & Mutations

You are immune to sickness and miasma.
Your stone body is resilient. (AC +6)
You are immune to poison.
You resist negative energy. (rN+)
You are resistant to electric shocks. (rElec)
You are resistant to unholy torment.
You are immune to petrification.
You have a pair of small horns on your head.
Your flesh is cold resistant. (rC+)
Your body sometimes deteriorates upon taking damage.


Message History

Aim: Erolcha, wielding a +0 giant club, wearing a +0 robe and carrying a wand of iceblast (6) (almost dead, 91% to hit)
The blast of sand hits Erolcha.
You kill Erolcha!
Vehumet accepts your kill.
Vehumet is now extending the range of your destructive spells.
You feel your power returning.
Your Spellcasting skill increases to level 13!
Your Conjurations skill increases to level 2!
Your Earth Magic skill increases to level 16!
Unknown command.
Unknown command.
You start resting.
A redback comes into view.
A redback is nearby!
A redback is nearby!
Casting: Sandblast (safe; 0% risk of failure)
Confirm with . or Enter, or press ? or * to list all spells.
Aiming: Sandblast (safe; 0% risk of failure)
Press: ? - help, Shift-Dir - straight line, f - redback
Aim: a redback (82% to hit)
The blast of sand hits the redback!!
You kill the redback!
Vehumet accepts your kill.
You feel your power returning.
Unknown command.
You start resting.
You start resting.
A redback comes into view.
A redback is nearby!
Casting: Sandblast (safe; 0% risk of failure)
Confirm with . or Enter, or press ? or * to list all spells.
Aiming: Sandblast (safe; 0% risk of failure)
Press: ? - help, Shift-Dir - straight line, f - redback
Aim: a redback (wandering, hasn't noticed you, 82% to hit)
The blast of sand hits the redback.
The redback is lightly wounded.
The redback barely misses you.
The redback bites you but does no damage.
The redback bites you!
You die...

#### #__# #._# #)##
)..# ÷..# ##'#
..)#+##############
...#....#.#.#...@.#
...##.#..#.##.###s#
...'##.#.#.##.#.)##
...#...#..#).##.O
▓▓▓▓▓▓▓▓▓▓▓▓▓▓▓▓▓


You could see a redback.

Vanquished Creatures
  Erolcha (D)
  A deep elf pyromancer (D)
  A shadow (D)
  A redback (D)
  A spatial vortex (D)
  5 two-headed ogres (D)
  A necrophage (D)
  A scorpion (D)
  A water elemental (D)
  A jelly (D)
  A wizard (D)
  A necromancer (D)
  3 humans (D)
  A kobold demonologist (D)
  2 endoplasms (D)
  2 rats (D)
24 creatures vanquished.

Notes
Turn   | Place    | Note
-------+----------+-------------------------------------------
     0 | D        | mhtbhm the Gargoyle Earth Elementalist began the quest for
                  | the Orb.
     0 | D        | Reached XP level 1. HP: 10/10 MP: 3/3
     4 | D        | Reached skill level 4 in Earth Magic
   156 | D        | Reached skill level 6 in Earth Magic
   156 | D        | Reached XP level 2. HP: 13/15 MP: 2/5
   269 | D        | Learned a level 2 spell: Passwall
   300 | D        | Gained mutation: You have a pair of small horns on your
                  | head. [potion of mutation]
   300 | D        | Gained mutation: Your body sometimes deteriorates upon
                  | taking damage. [potion of mutation]
   300 | D        | Gained mutation: Potions are less effective at restoring
                  | your health. [potion of mutation]
   300 | D        | Gained mutation: You have large cloven feet. [potion of
                  | mutation]
   301 | D        | Lost mutation: Potions are less effective at restoring your
                  | health. [potion of mutation]
   301 | D        | Lost mutation: You have a pair of small horns on your head.
                  | [potion of mutation]
   301 | D        | Lost mutation: You have large cloven feet. [potion of
                  | mutation]
   301 | D        | Gained mutation: Your flesh is cold resistant. (rC+)
                  | [potion of mutation]
   301 | D        | Gained mutation: You have a pair of small horns on your
                  | head. [potion of mutation]
   310 | D        | Noticed a scorpion
   320 | D        | Killed a scorpion
   321 | D        | Reached skill level 1 in Unarmed Combat
   321 | D        | Reached skill level 7 in Earth Magic
   321 | D        | Reached XP level 3. HP: 11/19 MP: 3/8
   321 | D        | Reached XP level 4. HP: 14/24 MP: 3/10
   325 | D        | Learned a level 3 spell: Stone Arrow
   330 | D        | Learned a level 4 spell: Petrify
   462 | D        | Noticed a water elemental
   464 | D        | Killed a water elemental
   465 | D        | Reached skill level 5 in Spellcasting
   465 | D        | Reached skill level 9 in Earth Magic
   465 | D        | Reached XP level 5. HP: 28/28 MP: 6/12
   514 | D        | Found a radiant altar of Vehumet.
   514 | D        | Found a shimmering blue altar of Sif Muna.
   514 | D        | Found an ancient bone altar of Kikubaaqudgha.
   526 | D        | Became a worshipper of Vehumet
   545 | D        | Found a basalt altar of Yredelemnul.
   545 | D        | Found a shadowy altar of Dithmenos.
   545 | D        | Found a sacrificial altar of Ru.
   547 | D        | Reached skill level 1 in Fighting
   547 | D        | Reached skill level 10 in Earth Magic
   553 | D        | Reached XP level 6. HP: 34/34 MP: 7/15
   613 | D        | Found a glowing silver altar of Zin.
   613 | D        | Found a glowing golden altar of the Shining One.
   613 | D        | Found a white marble altar of Elyvilon.
   613 | D        | Noticed a deep elf pyromancer
   617 | D        | Killed a deep elf pyromancer
   617 | D        | Reached * piety under Vehumet
   617 | D        | Offered knowledge of Freeze by Vehumet.
   618 | D        | Reached skill level 12 in Earth Magic
   618 | D        | Reached XP level 7. HP: 19/39 MP: 11/19
   770 | D        | Found a hide-covered altar of Uskayaw.
   770 | D        | Found an iron altar of Okawaru.
   770 | D        | Found a bloodstained altar of Trog.
   770 | D        | Found an ornate altar of the Wu Jian Council.
   770 | D        | Noticed a human
   770 | D        | Noticed a human
   780 | D        | Killed a human
   781 | D        | Reached skill level 10 in Spellcasting
   781 | D        | Reached skill level 1 in Conjurations
   781 | D        | Reached skill level 13 in Earth Magic
   781 | D        | Reached XP level 8. HP: 42/44 MP: 16/22
   967 | D        | Reached ** piety under Vehumet
   967 | D        | Offered knowledge of Searing Ray by Vehumet.
   979 | D        | Noticed a shadow
   982 | D        | Killed a shadow
   983 | D        | Reached skill level 14 in Earth Magic
  1039 | D        | Found a blossoming altar of Fedhas.
  1039 | D        | Found a stormy altar of Qazlal.
  1039 | D        | Found a snail-covered altar of Cheibriados.
  1039 | D        | Found a burning altar of Makhleb.
  1039 | D        | Found a shimmering altar of Xom.
  1040 | D        | Found a hazy altar of Hepliaklqana.
  1040 | D        | Found an opulent altar of Gozag.
  1040 | D        | Found a sparkling altar of Nemelex Xobeh.
  1040 | D        | Found a corrupted altar of Lugonu.
  1040 | D        | Found a viscous altar of Jiyva.
  1121 | D        | Reached skill level 5 in Dodging
  1128 | D        | Reached *** piety under Vehumet
  1162 | D        | Noticed a two-headed ogre
  1167 | D        | Killed a two-headed ogre
  1167 | D        | Offered knowledge of Dazzling Flash by Vehumet.
  1168 | D        | Reached skill level 15 in Earth Magic
  1168 | D        | Reached XP level 9. HP: 49/49 MP: 20/25
  1172 | D        | Learned a level 3 spell: Dazzling Flash
  1284 | D        | Noticed Erolcha
  1285 | D        | Noticed a two-headed ogre
  1298 | D        | Killed a two-headed ogre
  1298 | D        | Offered knowledge of Conjure Flame by Vehumet.
  1298 | D        | HP: 2/49 [Erolcha/iceblast (4)]
  1301 | D        | Killed Erolcha
  1301 | D        | Reached **** piety under Vehumet
  1302 | D        | Reached skill level 16 in Earth Magic
  1366 | D        | Slain by a redback

Illustrated notes

Levels and vault maps discovered:
D:        dungeon_sprint_mu [sprint_mu_entry_forest, sprint_mu_temple_rooms,
          sprint_mu_d1_spiders, sprint_mu_d2_genie, sprint_mu_d3_branching,
          sprint_mu_orc_legion, sprint_mu_elf_gauntlet, sprint_mu_hive_nellie,
          sprint_mu_lair_fedhas, sprint_mu_vaults_butterflies,
          sprint_mu_slime_circle, sprint_mu_shoals_kraken,
          sprint_mu_snake_twists, sprint_mu_blade_basic,
          sprint_mu_crypt_chambers, sprint_mu_tomb_spiral,
          sprint_mu_vestibule_basic, sprint_mu_gehenna_hellfire,
          sprint_mu_dis_giant, sprint_mu_tartarus_statrot,
          sprint_mu_cocytus_islands, sprint_mu_zot1]

Skill      XL: |  1  2  3  4  5  6  7  8  9 |
---------------+----------------------------+-----
Earth Magic    | 6 7 9 10 12 13 15 16 | 16.8
Dodging        | 2 3 4 5 |  5.2
Stealth        | 3 4 |  4.7
Unarmed Combat | 1 2 3 |  3.2
Spellcasting   | 4 5 6 9 10 12 13 | 13.4
Fighting       | 1 2 |  2.7
Conjurations   | 1 2 |  2.2
Hexes          | |  0.8
Transmutations | |  0.9

Action                   |  1- 3 |  4- 6 |  7- 9 || total
-------------------------+-------+-------+-------++-------
Melee: Unarmed           |    10 |       |       ||    10
 Cast: Sandblast         |    14 |    14 |    40 ||    68
       Passwall          |     1 |       |       ||     1
       Stone Arrow       |       |     1 |     4 ||     5
       Dazzling Flash    |       |       |     4 ||     4
  Use: Potion            |     5 |       |     1 ||     6
Armor: Robe              |     1 |     6 |     3 ||    10
Dodge: Dodged            |    10 |     3 |    13 ||    26

Table legend: (Time is in decaauts)
 A = Elapsed time spent in this place.
 B = Non-inter-level travel time spent in this place.
 C = Inter-level travel time spent in this place.
 D = Time resting spent in this place.
 E = Time spent auto-exploring this place.
 F = Levels seen in this place.
 G = Mean time per level.
                   A        B        C        D        E       F      G
               +--------+--------+--------+--------+--------+-----+--------+
         Total |   1390 |   1390 |      0 |    987 |      1 |   1 | 1390.0 |
       Dungeon |   1390 |   1390 |      0 |    987 |      1 |   1 | 1390.0 |
               +--------+--------+--------+--------+--------+-----+--------+

Top non-repeatable levels by time:
       D: 1390 daAuts
